 Dungeon Crawl Stone Soup version 0.24-a0-335-g06ca16a (webtiles) character file.

Game seed: 8412507276732859875

2 mhoghedin the Grave Robber (level 1, -1/13 HPs)
             Began as a Mummy Necromancer on May 19, 2019.
             Slain by a giant cockroach (2 damage)
             ... on level 1 of the Dungeon.
             The game lasted 00:00:26 (70 turns).

mhoghedin the Grave Robber (Mummy Necromancer)        Turns: 70, Time: 00:00:27

Health: -1/13      AC:  2    Str: 11    XL:     1   Next: 25%
Magic:  1/4        EV: 12    Int: 14    God:
Gold:   28         SH:  0    Dex: 12    Spells: 4/5 levels left

rFire    x . .     SeeInvis .   (no weapon)
rCold    + . .     Gourm    .   (no shield)
rNeg     + + +     Faith    .   a - +0 robe
rPois    ∞         Spirit   .   (no helmet)
rElec    .         Reflect  .   (no cloak)
rCorr    .         Harm     .   (no gloves)
MR       .....                  (no boots)
Stlth    ++........             (no amulet)
HPRegen  0.04/turn              (no ring)
MPRegen  0.09/turn              (no ring)

@: no status effects
A: no food or potions, fire vulnerability, cold resistance 1, negative energy
resistance 3, torment resistance, unbreathing
a: no special abilities


You were on level 1 of the Dungeon.
You were not hungry.

You visited 1 branch of the dungeon, and saw 1 of its levels.

You collected 28 gold pieces.

Inventory:

Armour
 a - a +0 robe (worn)


   Skills:
 + Level 1.6 Dodging
 - Level 1.5 Stealth
 + Level 2.8 Spellcasting
 + Level 4.0 Necromancy


You had 4 spell levels left.
You knew the following spells:

 Your Spells              Type           Power        Failure   Level  Hunger
a - Pain                  Necr           ##..         4%          1    N/A

Your spell library contained the following spells:

 Spells                   Type           Power        Failure   Level  Hunger
 Animate Skeleton         Necr           N/A          4%          1    N/A
 Vampiric Draining        Necr           ##........   13%         3    N/A
 Animate Dead             Necr           N/A          38%         4    N/A
 Regeneration             Chrm/Necr      Unusable     N/A         3    N/A

Dungeon Overview and Level Annotations

Branches:
Dungeon (1/15)

Altars:


Innate Abilities, Weirdness & Mutations

You do not eat or drink.
Your flesh is vulnerable to fire.
You are immune to poison.
Your flesh is cold resistant. (rC+)
You are immune to negative energy. (rN+++)
You are immune to unholy pain and torment.
You can survive without breathing.


Message History

Welcome, mhoghedin the Mummy Necromancer.
Will you be the one to retrieve the fabulous Orb of Zot from the depths?
Found a staircase leading out of the dungeon.
You open the door.
There is an open door here.
You open the door.
There is an open door here.
You now have 18 gold pieces.
There is an open door here.
You open the door.
The jackal barks!
You hear a bark!
The kobold shouts!
You hear a shout!
There is an open door here.
The jackal barks!
As you open the door, it creaks loudly!
There is an open door here.
You open the door.
There is an open door here.
A dart slug comes into view.
A dart slug is nearby!
The dart slug launches a dart at you. The slug dart misses you.
Aim: a dart slug (chance to defeat MR: 83%)
The dart slug writhes in agony.
You hear an angry hiss.
A leopard gecko comes into view.
You now have 3/4 mp.
Aim: a dart slug (moderately wounded, chance to defeat MR: 83%)
The dart slug writhes in agony.
The leopard gecko hisses angrily.
A rat comes into view.
You now have 2/4 mp.
Aim: a dart slug (heavily wounded, chance to defeat MR: 83%)
The leopard gecko barely resists.
A giant cockroach comes into view.
You now have 1/4 mp.
Aim: a dart slug (heavily wounded, clinging, chance to defeat MR: 83%)
The leopard gecko writhes in agony.
A leopard gecko comes into view.
You now have 0/4 mp.
You don't have enough magic to cast that spell.
You see here 10 gold pieces.
You now have 28 gold pieces (gained 10).
The leopard gecko bites you. x2
You take 6 damage, and have 7/13 hp.
MASSIVE DAMAGE!!
Found 2 puce potions.
Found a stone staircase leading down.
The leopard gecko bites you.
You take 2 damage, and have 5/13 hp.
The leopard gecko bites you.
You take 1 damage, and have 5/13 hp.
The rat bites the bush but does no damage.
There is an open door here.
The leopard gecko barely misses you.
You barely miss the leopard gecko.
The rat bites the bush but does no damage.
The leopard gecko closely misses you.
You closely miss the leopard gecko. The leopard gecko closely misses you.
The leopard gecko bites you.
* * * LOW HITPOINT WARNING * * *
A leopard gecko comes into view.
You take 2 damage, and have 3/13 hp.
There is an open door here.
Aim: a leopard gecko (moderately wounded, clinging, chance to defeat MR: 83%)
The leopard gecko writhes in agony.
The jackal barks! x2; You hear an angry hiss.
The leopard gecko closely misses you.
You now have 1/4 mp.
Aim: a leopard gecko (almost dead, clinging, chance to defeat MR: 83%)
The leopard gecko writhes in agony.
You kill the leopard gecko!
You now have 0/4 mp.
You don't have enough magic to cast that spell.
You barely miss the giant cockroach. The giant cockroach bites you.
* * * LOW HITPOINT WARNING * * *
You take 2 damage, and have 1/13 hp.
You closely miss the giant cockroach. The giant cockroach closely misses you.
The giant cockroach bites you but does no damage.
You hit the giant cockroach. The giant cockroach misses you.
You hit the giant cockroach. The giant cockroach closely misses you.
You closely miss the giant cockroach. The giant cockroach barely misses you.
You closely miss the giant cockroach. The giant cockroach bites you.
You die...

.P..♣.....♣..P.......
.P...........P.....#..
.######'######........
#...#.w.#...#........
#<..'...'...#.%.....>
#######.#...#...
..#.....#.#...#...
..#!....'r##### .
..#.....#ws@..#
..#.....#.#.⌠⌠#
############# ..l l..
..# .... ##. #.#.# #
..... .###.


You could see a dart slug, a leopard gecko, a giant cockroach and a rat.

Vanquished Creatures
  A leopard gecko (D:1)
1 creature vanquished.

Notes
Turn   | Place    | Note
-------+----------+-------------------------------------------
     0 | D:1      | mhoghedin the Mummy Necromancer began the quest for the
                  | Orb.
     0 | D:1      | Reached XP level 1. HP: 13/13 MP: 4/4
    58 | D:1      | HP: 3/13 [leopard gecko (2)]
    65 | D:1      | HP: 1/13 [giant cockroach (2)]
    70 | D:1      | Slain by a giant cockroach

Levels and vault maps discovered:
D:1:      evilmike_arrival_home_sweet_home, layout_basic

Action                   || total
-------------------------++-------
Melee: Unarmed           ||     8
 Cast: Pain              ||     6
Armor: Robe              ||     1
Dodge: Dodged            ||     9

Table legend:
 A = Non-vault XP
 B = Vault XP
 C = Vault XP percentage of total XP
 D = Non-vault monster count
 E = Vault monster count
 F = Vault count percentage of total count
                 A         B        C        D         E       F
            +---------+---------+-------+---------+---------+-------
      Total |       3 |       0 |   0.0 |       1 |       0 |   0.0
            +---------+---------+-------+---------+---------+-------
        D:1 |       3 |       0 |   0.0 |       1 |       0 |   0.0
            +---------+---------+-------+---------+---------+-------

Levels and vault maps discovered:
D:1:      evilmike_arrival_home_sweet_home, layout_basic

Table legend:
 A = Turns spent in this place as a percentage of turns spent in the entire game.
 B = Non-inter-level travel turns spent in this place as a percentage of non-inter-level travel turns spent in the entire game.
 C = Inter-level travel turns spent in this place as a percentage of turns spent in this place.
 D = Turns resting spent in this place as a percentage of non-inter-level travel turns spent in this place.
 E = Turns spent auto-exploring this place as a percentage of non-inter-level travel turns spent in this place.
 F = Non-inter-level travel turns spent in this place divided by the number of levels of this place that you've seen.
                   A       B       C       D       E      F
               +-------+-------+-------+-------+-------+----------------------
         Total | 100.0 | 100.0 |   0.0 |   0.0 |  47.1 |  70.0
       Dungeon | 100.0 | 100.0 |   0.0 |   0.0 |  47.1 |  70.0
               +-------+-------+-------+-------+-------+----------------------

Table legend:
 A = Kills in this place as a percentage of kills in entire the game.
 B = Kills by you in this place as a percentage of kills by you in the entire game.
 C = Kills by friends in this place as a percentage of kills by friends in the entire game.
 D = Other kills in this place as a percentage of other kills in the entire game.
 E = Experience gained in this place as a percentage of experience gained in the entire game.
 F = Experience gained in this place divided by the number of levels of this place that you have seen.
                   A       B       C       D       E      F
               +-------+-------+-------+-------+-------+----------------------
         Total | 100.0 | 100.0 |   N/A |   N/A | 100.0 |   3.0
       Dungeon | 100.0 | 100.0 |   N/A |   N/A | 100.0 |   3.0
               +-------+-------+-------+-------+-------+----------------------
